 Dungeon Crawl Stone Soup version 0.29.1-15-g9cfb28693d (webtiles) character file.

Game seed: 11565820720019080076

228 ArmilaHabana the Sneak (level 6, -3/46 HPs)
             Began as a Human Brigand on Mar 11, 2023.
             Slain by a bullfrog (5 damage)
             ... in a sewer.
             The game lasted 00:10:10 (2025 turns).

ArmilaHabana the Sneak (Human Brigand)              Turns: 2025, Time: 00:10:10

Health: -3/46      AC:  5    Str: 11    XL:     6   Next: 22%
Magic:  7/7        EV: 11    Int:  7    God:
Gold:   107        SH:  0    Dex: 14    Spells: 7/7 levels left

rFire   + . .      SeeInvis .   a - +2 dagger (freeze)
rCold   . . .      Faith    .   (no shield)
rNeg    . . .      Spirit   .   i - +1 leather armour of Defiance {Rampage Fly rF+ Int-5}
rPois   .          Reflect  .   (no helmet)
rElec   .          Harm     .   c - +0 cloak
rCorr   .          Rampage  +   (no gloves)
Will    .....      Clarity  +   (no boots)
Stlth   +++.......              (no amulet)
HPRegen 0.15/turn               (no ring)
MPRegen 0.10/turn               (no ring)

@: flying
A: clarity, dopey 1, inability to drink after injury 1
a: no special abilities


You were in a sewer.
You visited 1 branch of the dungeon, and saw 4 of its levels.
You also visited: Sewer.

You collected 107 gold pieces.

Inventory:

Hand Weapons
 a - a +2 dagger of freezing (weapon)
 f - a +0 sling
Missiles
 e - 2 curare-tipped darts (quivered)
Armour
 b - a +0 robe
 c - a +0 cloak (worn)
 i - the +1 leather armour of Defiance (worn) {Rampage Fly rF+ Int-5}
   (You found it on level 3 of the Dungeon)

   Int:       It affects your intelligence (-5).
   rF:        It protects you from fire.
   Fly:       It grants you flight.
   Rampage:   It bestows one free step when moving towards enemies.
Scrolls
 l - a scroll of teleportation
Potions
 d - a potion of resistance
 g - a potion of magic
 h - a potion of degeneration
 k - a potion of curing {unknown}


   Skills:
 * Level 2.7 Fighting
 * Level 2.7 Short Blades
 * Level 2.6 Ranged Weapons
 * Level 2.5 Throwing
 * Level 1.4 Armour
 * Level 1.6 Dodging
 * Level 4.8 Stealth
 * Level 1.0 Spellcasting


You had 7 spell levels left.
You didn't know any spells.
Your spell library was empty.

Dungeon Overview and Level Annotations

Branches:
Dungeon (4/15)              Sewer (1/1)
 Temple: D:4-7

Altars:


Innate Abilities, Weirdness & Mutations

You possess an exceptional clarity of mind.
You are dopey. (Int -2)
You occasionally lose the ability to drink potions when taking damage.


Message History

The bullfrog hits you but does no damage.
You hit the ball python. You freeze the ball python.
You kill the ball python!
The ball python completely misses you. The ball python constricts you.
The ball python bites you but does no damage.
The bullfrog hits you! The ball python barely misses you.
Unknown command.
Blink to where?
Press: ? - help, Dir - move target You escape the ball python's grasp.
As you read the scroll of blinking, it crumbles to dust.
Throw: 3 darts (curare)
Press: ? - help, Q - select action Shift-Dir - straight line, f - bullfrog
Aim: a bullfrog (water, 53% to hit)
You throw a curare-tipped dart.
The curare-tipped dart hits the bullfrog.
The bullfrog is poisoned.
The bullfrog convulses.
The bullfrog seems to slow down.
The bullfrog is heavily wounded.
You hear a splash.
The bullfrog hits you but does no damage.
The ball python attacks as you move away!
The ball python bites you but does no damage.
The ball python barely misses you. The bullfrog attacks as you move away!
The bullfrog hits you.
You feel threatened and lose the ability to drink potions!
* * * LOW HITPOINT WARNING * * *
The bullfrog hits you.
* * * LOW HITPOINT WARNING * * *
The bullfrog attacks as you move away!
The bullfrog hits you but does no damage.
The bullfrog closely misses you. The bullfrog attacks as you move away!
The bullfrog barely misses you.
The ball python attacks as you move away!
The ball python bites you but does no damage.
The ball python closely misses you. The bullfrog hits you.
* * * LOW HITPOINT WARNING * * *
You can drink potions again.
The bullfrog hits you.
You die...

##...~~≈~~~#~..~#
#.....~~~~~~≈~~≈~
#....~~~~~~~~≈≈~~
##....l~~~~l≈≈≈≈F~
#..†F.#~≈≈≈≈≈≈≈≈l≈
#.S..#############
##SS†####
#..F.#..#
#.@..'..#
#...##### ##...##
#....#############
#.....#~≈~~~#≈≈≈≈≈
##..†..~~~~~~.~≈≈~
#....~~~~~~.[~~~~
#...†.~†~≈~.[.~~~
##...~~~~≈≈...~~~


You could see 2 bullfrogs, 3 ball pythons and a frilled lizard.

Vanquished Creatures
  A hound (D:4)
  An orc priest (D:4)
  An orc wizard (D:2)
  5 adders
  4 river rats (Sewer)
  A dart slug (D:4)
  2 orcs (D:4)
  8 endoplasms
  A giant cockroach (D:4)
  A goblin (D:1)
  3 hobgoblins
  2 quokkas
  8 ball pythons
  3 frilled lizards
  4 kobolds (D:1)
  31 rats
  A toadstool (D:1)
77 creatures vanquished.

Vanquished Creatures (others)
  3 toadstools (D:1)
3 creatures vanquished.

Grand Total: 80 creatures vanquished

Notes
Turn   | Place    | Note
-------+----------+-------------------------------------------
     0 | D:1      | ArmilaHabana the Human Brigand began the quest for the Orb.
     0 | D:1      | Reached XP level 1. HP: 16/16 MP: 1/1
   102 | D:1      | Reached XP level 2. HP: 19/22 MP: 2/2
   568 | D:2      | Reached skill level 1 in Ranged Weapons
   568 | D:2      | Reached XP level 3. HP: 8/27 MP: 3/3
   820 | D:3      | Identified the +1 leather armour of Defiance {Rampage Fly
                  | rF+ Int-5}
   851 | D:3      | Gained mutation: You are dopey. (Int -2) [potion of
                  | mutation]
   851 | D:3      | Gained mutation: You occasionally lose the ability to drink
                  | potions when taking damage. [potion of mutation]
   851 | D:3      | Gained mutation: You possess an exceptional clarity of
                  | mind. [potion of mutation]
   946 | D:4      | Reached skill level 1 in Armour
   946 | D:4      | Reached XP level 4. HP: 31/33 MP: 4/4
  1052 | D:4      | Reached XP level 5. HP: 17/39 MP: 4/6
  1137 | D:4      | Found a glowing drain.
  1150 | Sewer    | Entered a sewer
  1578 | Sewer    | Reached XP level 6. HP: 15/46 MP: 7/7
  1842 | Sewer    | Reached skill level 1 in Spellcasting
  2023 | Sewer    | HP: 1/46 [bullfrog (5)]
  2025 | Sewer    | Slain by a bullfrog

Illustrated notes

Levels and vault maps discovered:
D:1:      ldierk_water_garden, layout_loops_ring,
          dilly_ecumenical_altar_fadedgnrine, minmay_tromino_i2
D:2:      layout_loops_corners, basic_altar
D:3:      layout_rooms, nicolae_wu_jian_wuxing_cycle, mainiacjoe_overflow_paths
D:4:      layout_basic, portal_sewer_entry_a, uniq_grinder
Sewer:    sewer_minmay_w

Skill      XL: |  1  2  3  4  5  6 |
---------------+-------------------+-----
Ranged Weapons | 1 2 |  2.6
Armour         | 1 |  1.4
Spellcasting   | 1 |  1.0
Fighting       | |  2.7
Short Blades   | |  2.7
Throwing       | |  2.5
Dodging        | |  1.6
Stealth        | |  4.8

Action                   |  1- 3 |  4- 6 || total
-------------------------+-------+-------++-------
Melee: Dagger            |    44 |    83 ||   127
       Punch             |       |     1 ||     1
 Fire: Sling             |    28 |    79 ||   107
Throw: Dart              |       |     1 ||     1
  Use: Scroll            |     5 |     3 ||     8
       Potion            |     3 |       ||     3
Armor: Robe              |     7 |       ||     7
       Skin              |     2 |       ||     2
       Leather armour    |     3 |    44 ||    47
Dodge: Dodged            |    19 |    63 ||    82
